Map: [ESL] Data-C

Players

Solar

  • Race: Zerg Zerg
  • League: Grandmaster
  • Spawn Location: 3:00

Reynor - Winner!

  • Race: Zerg Zerg
  • League: Master
  • Spawn Location: 9:00

Event: TSL 9

VOD

Have the link to the VOD?

Description

Time

  • Played on: Sept. 3, 2022, 9:30 a.m.
  • Length: 10:29

All games in this series

Show
View Real Time Build Order
Export as new Build Order

Solar Zerg 

Build Orders: Hatch First 

Get SALT Encoding   

  12  0:00  Drone  
  13  0:12  Overlord  
  13  0:17  Drone  
  14  0:30  Drone x2  
  16  0:48  Hatchery  
  15  0:51  Drone  
  15  0:54  Drone  
  17  0:58  Drone  
  18  1:07  Extractor  
  17  1:13  Spawning Pool  
  17  1:16  Drone  
  17  1:20  Drone  
  18  1:27  Drone  
  19  1:38  Drone  
  20  1:53  Drone  
  21  1:59  Queen x2  
  21  2:00  Zergling x2  
  26  2:01  Overlord  
  26  2:08  Metabolic Boost  
  26  2:12  Drone x2  
  28  2:24  Zergling x2  
  28  2:25  Drone  
  30  2:34  Hatchery  
  29  2:40  Drone  
  29  2:41  Drone  
  29  2:42  Overlord  
  31  2:46  Drone  
  32  2:53  Zergling x2  
  32  2:56  Drone  
  34  3:04  Drone  
  35  3:08  Zergling x8  
  35  3:10  Zergling x6  
  42  3:16  Roach Warren  
  42  3:19  Overlord  
  41  3:21  Drone  
  41  3:26  Drone  
  43  3:28  Drone  
  43  3:42  Overlord  
  43  3:43  Overlord  
  43  3:46  Queen  
  44  3:49  Drone  
  43  3:57  Roach  
  43  3:58  Roach x4  
  43  4:00  Roach  
  55  4:04  Roach  
  55  4:08  Roach  
  55  4:09  Overlord  
  59  4:14  Roach  
  61  4:19  Roach  
  61  4:23  Zergling x6  
  66  4:29  Zergling x8  
  70  4:32  Overlord  
  70  4:34  Zergling x2  
  70  4:36  Zergling x2  
  72  4:39  Overlord  
  72  4:44  Zergling x2  
  73  4:47  Zergling x2  
  74  4:53  Zergling x10  
  79  5:00  Overlord  
  79  5:02  Zergling x6  
  79  5:04  Drone  
  83  5:10  Drone x3  
  85  5:15  Drone x2  
  85  5:19  Drone x2  
  85  5:21  Drone, Evolution Chamber  
  83  5:28  Extractor  
  81  5:29  Lair  
  81  5:31  Extractor  
  81  5:33  Drone x2  
  82  5:37  Drone  
  82  5:38  Drone x2  
  82  5:42  Overlord  
  85  5:44  Drone x2  
  85  5:45  Drone  
  85  5:47  Roach  
  90  5:51  Zerg Missile Weapons Level 1  
  90  5:54  Drone  
  90  5:56  Drone x2  
  93  5:59  Drone x2  
  93  6:00  Drone  
  93  6:02  Extractor  
  93  6:03  Drone x2  
  96  6:06  Overlord  
  96  6:11  Drone x2  
  98  6:14  Overlord  
  98  6:16  Roach  
  98  6:17  Drone  
  100  6:19  Drone x2  
  100  6:22  Roach, Extractor  
  103  6:26  Glial Reconstitution  
  103  6:27  Roach  
  103  6:28  Overseer  
  103  6:32  Overlord  
  105  6:33  Roach  
  105  6:34  Roach  
  109  6:40  Roach  
  109  6:41  Roach x2  
  109  6:43  Overlord  
  109  6:45  Overlord  
  115  6:48  Roach x2  
  115  6:52  Roach  
  115  6:53  Roach, Extractor  
  122  6:57  Overlord  
  122  6:59  Roach  
  122  7:00  Roach  
  127  7:05  Roach x3  
  133  7:10  Roach x2  
  133  7:13  Overlord  
  137  7:16  Roach  
  137  7:17  Roach x2  
  137  7:20  Roach  
  137  7:21  Roach  
  147  7:24  Overlord  
  147  7:26  Roach  
  147  7:28  Roach  
  151  7:34  Roach x3  
  151  7:35  Ravager x2  
  151  7:36  Ravager x2  
  161  7:38  Overlord  
  161  7:41  Overlord  
  165  7:44  Roach x2  
  165  7:48  Roach x2  
  165  7:50  Overlord  
  169  7:55  Overlord  
  169  7:57  Roach x2  
  160  8:06  Roach x3  
  160  8:07  Roach x2  
  160  8:08  Roach  
  160  8:11  Roach  
  158  8:14  Roach x2  
  158  8:17  Roach x2  
  142  8:20  Roach  
  142  8:23  Roach x2  
  142  8:25  Roach  
  138  8:33  Roach  
  128  8:36  Roach x2, Ravager  
  128  8:37  Ravager  
  134  8:45  Roach  
  134  8:46  Roach x2  
  140  8:55  Roach x2  
  144  9:02  Extractor  
  143  9:04  Roach  
  143  9:05  Roach x3, Hatchery  
  143  9:08  Drone x2  
  143  9:09  Drone  
  151  9:14  Roach x2  
  151  9:16  Roach  
  139  9:17  Roach  
  139  9:19  Roach  
  110  9:26  Spire  
  110  9:27  Roach  
  110  9:30  Roach  
  109  9:33  Roach x2  
  109  9:36  Roach x2  
  112  9:39  Roach  
  112  9:42  Roach  
  116  9:46  Roach x3  
  116  9:47  Ravager  
  116  9:50  Roach  
  127  9:53  Roach  
  127  9:55  Roach  
  127  9:56  Roach  
  127  9:58  Roach  
  133  10:01  Roach  
  133  10:02  Roach  
  133  10:06  Roach x2  
  132  10:09  Roach  
Show
View Real Time Build Order
Export as new Build Order

Reynor Zerg - Winner!

Build Orders: Hatch First, Zergling Baneling 

Get SALT Encoding   

  12  0:00  Drone  
  13  0:12  Overlord  
  13  0:17  Drone  
  14  0:30  Drone x2  
  16  0:48  Hatchery  
  15  0:51  Drone  
  15  0:54  Drone  
  17  0:58  Drone  
  18  1:09  Extractor  
  17  1:14  Spawning Pool  
  17  1:16  Drone  
  17  1:20  Drone  
  18  1:27  Drone  
  19  1:38  Drone  
  20  1:49  Drone  
  21  1:59  Overlord  
  21  2:00  Queen x2  
  21  2:01  Zergling x2  
  26  2:08  Metabolic Boost  
  26  2:10  Drone  
  26  2:11  Drone  
  28  2:21  Drone  
  28  2:22  Zergling x2  
  30  2:34  Hatchery  
  29  2:38  Drone  
  29  2:39  Drone  
  31  2:47  Baneling Nest, Drone  
  31  2:50  Drone  
  32  2:56  Overlord  
  32  2:58  Drone  
  32  3:04  Drone  
  33  3:06  Queen  
  35  3:14  Zergling x4  
  35  3:16  Drone x2  
  35  3:17  Drone  
  40  3:21  Overlord  
  40  3:24  Zergling x2  
  40  3:27  Zergling x2  
  42  3:31  Baneling x2  
  42  3:34  Baneling x2  
  42  3:35  Zergling x4  
  42  3:38  Overlord  
  44  3:41  Baneling  
  44  3:43  Zergling x6  
  47  3:48  Zergling x2  
  47  3:54  Drone  
  48  3:59  Drone x3  
  48  4:02  Drone  
  52  4:06  Drone, Evolution Chamber  
  52  4:11  Drone  
  52  4:13  Drone, Roach Warren, Extractor  
  52  4:17  Drone  
  52  4:20  Overlord  
  53  4:26  Drone x5  
  53  4:27  Overlord  
  53  4:30  Zergling x4  
  59  4:34  Drone  
  59  4:38  Overlord  
  60  4:39  Extractor  
  59  4:50  Baneling x4  
  59  4:53  Roach x5  
  59  4:54  Zergling x4  
  59  4:58  Zergling x2, Roach  
  74  5:03  Zergling x2, Roach  
  74  5:04  Zergling x2  
  78  5:08  Overlord  
  75  5:23  Lair  
  75  5:24  Drone  
  75  5:26  Drone  
  73  5:28  Hatchery  
  73  5:30  Drone x3  
  73  5:35  Drone x3  
  77  5:42  Zerg Missile Weapons Level 1  
  77  5:44  Drone x3  
  77  5:46  Drone  
  81  5:50  Extractor  
  81  5:53  Roach  
  81  5:54  Overlord  
  82  6:03  Roach  
  84  6:06  Overlord  
  83  6:14  Roach x5  
  83  6:17  Roach x2  
  97  6:20  Glial Reconstitution, Drone  
  98  6:27  Overlord  
  98  6:29  Drone  
  98  6:32  Overseer, Evolution Chamber  
  98  6:39  Roach  
  100  6:40  Drone  
  100  6:41  Drone x2  
  100  6:42  Drone x4  
  106  6:50  Overlord  
  106  6:51  Drone  
  106  6:52  Drone  
  108  6:57  Extractor  
  108  6:58  Zerg Ground Armor Level 1  
  107  7:01  Overlord  
  107  7:02  Overlord  
  107  7:04  Roach  
  109  7:10  Roach x5  
  109  7:11  Roach  
  109  7:15  Overlord  
  121  7:16  Roach  
  121  7:19  Roach x2  
  121  7:21  Drone  
  128  7:23  Roach  
  128  7:25  Overlord  
  128  7:28  Roach  
  132  7:31  Ravager x3  
  132  7:33  Roach  
  132  7:34  Roach  
  132  7:37  Zerg Missile Weapons Level 2  
  139  7:38  Roach  
  139  7:39  Drone x3  
  139  7:40  Roach  
  139  7:42  Spine Crawler  
  139  7:43  Overlord  
  145  7:46  Roach  
  145  7:49  Roach x2  
  151  7:58  Roach x4  
  159  7:59  Overlord  
  159  8:02  Overlord  
  155  8:08  Roach x5  
  155  8:10  Roach  
  143  8:15  Roach x3  
  143  8:18  Roach x2  
  129  8:22  Roach  
  122  8:33  Roach x4  
  119  8:37  Roach x4  
  127  8:42  Roach x2  
  127  8:45  Ravager  
  134  8:48  Roach x2  
  134  8:50  Roach  
  134  8:52  Roach  
  134  8:55  Roach  
  142  8:56  Roach  
  142  9:01  Overlord  
  144  9:05  Roach x3  
  144  9:06  Roach x2  
  150  9:12  Roach x3  
  150  9:13  Roach  
  150  9:17  Roach x2  
  149  9:18  Roach  
  149  9:22  Roach x2  
  143  9:24  Roach  
  143  9:26  Extractor  
  142  9:32  Overlord  
  142  9:34  Roach  
  142  9:37  Roach  
  146  9:44  Hatchery, Ravager x3  
  148  9:48  Queen  
  148  9:50  Roach x3  
  156  9:55  Roach x3  
  162  10:02  Roach x4  
  162  10:05  Overlord  
  172  10:07  Roach  
Tags
 
Add a new tag
Caveats
  • Supply blocks, unpowered buildings, or Contaminate may cause inaccurate times.
  • Supply counts are checked every 10 seconds.